 Dungeon Crawl Stone Soup version 0.31-a0-214-gb37851dbb3 (webtiles) character file.

Game seed: 16788563574203984455

303 qw the Shooter (level 6, -5/52 HPs)
             Began as a Minotaur Hexslinger on July 1, 2023.
             Was an Initiate of Okawaru.
             Slain by Pikel
             ... wielding a +0 whip of freezing
              (10 damage)
             ... on level 4 of the Dungeon.
             The game lasted 00:01:21 (3216 turns).

qw the Shooter (Minotaur Hexslinger)                Turns: 3216, Time: 00:01:21

Health: -5/52      AC:  7    Str: 16    XL:     6   Next: 15%
Magic:  6/6        EV: 11    Int:  9    God:    Okawaru [......]
Gold:   119        SH:  0    Dex: 14    Spells: 6/7 levels left

rFire   . . .        Y - +1 shortbow
rCold   + . .        (shield currently unavailable)
rNeg    . . .        j - +0 ring mail
rPois   .            k - +1 hat
rElec   .            (no cloak)
rCorr   .            (no gloves)
SInv    .            g - +0 pair of boots
Will    .....        (no amulet)
Stlth   +            (no ring)
HPRegen 0.28/turn    (no ring)
MPRegen 0.10/turn

%: clarity
@: no status effects
A: horns 2, retaliatory headbutt, clarity, cold resistance 1, strong 1
a: Renounce Religion


You were on level 4 of the Dungeon.
You worshipped Okawaru.
Okawaru was noncommittal.
You visited 1 branch of the dungeon, and saw 4 of its levels.

You collected 239 gold pieces.
You spent 120 gold pieces at shops.


Innate Abilities, Weirdness & Mutations

You have a pair of horns on your head.
You reflexively headbutt those who attack you in melee.
You possess an exceptional clarity of mind.
Your flesh is cold resistant. (rC+)
Your muscles are strong. (Str +4, Int/Dex -1)


   Skills:
 - Level 4.0 Fighting
 + Level 6.0 Ranged Weapons
 - Level 1.1 Armour
 - Level 2.1 Dodging
 - Level 1.0 Spellcasting
 - Level 2.0 Hexes


You had 6 spell levels left.
You knew the following spells:

 Your Spells              Type           Power      Damage    Failure   Level
a - Slow                  Hex            16%        N/A       30%         1

Your spell library contained the following spells:

 Spells                   Type           Power      Damage    Failure   Level
 Inner Flame              Hex/Fire       2%         N/A       80%         3
 Portal Projectile        Hex/Tloc       4%         N/A       80%         3
 Cause Fear               Hex            2%         N/A       97%         4

Inventory:

Hand Weapons
 Y - a +1 shortbow (weapon)
Armour
 g - a +0 pair of boots (worn)
 j - a +0 ring mail (worn)
 k - a +1 hat (worn)
Wands
 a - a wand of digging (3)
Scrolls
 h - a scroll of identify
Potions
 b - a potion of degeneration {unknown}
 c - 3 potions of curing
 e - a potion of haste {unknown}
 f - a potion of berserk rage {unknown}
 m - 2 potions of might
 n - a potion of mutation

Dungeon Overview and Level Annotations

Branches:
Dungeon (4/15)
 Temple: D:4-7

Altars:
Kikubaaqudgha
Okawaru
Sif Muna
Trog
Uskayaw
Vehumet

Shops:
D:3 *

Annotations:
D:3 1 runed translucent door, qw's ghost, weakling DEHu
D:4 Pikel


Message History

Pikel hits you with a +0 whip of freezing.
The lemure hits you.
3207 ||| DRINKING potion of heal wounds.
You feel much better. Pikel hits you but does no damage.
The lemure hits you but does no damage.
You shoot an arrow. The arrow hits Pikel.
Pikel is lightly wounded.
Pikel misses you. The lemure hits you!
Pikel hits you with a +0 whip of freezing.
The lemure hits you.
You shoot an arrow.
The arrow hits Pikel but does no damage.
Pikel is lightly wounded.
Pikel closely misses you. You furiously retaliate!
You headbutt Pikel. The lemure barely misses you.
You shoot an arrow. The arrow completely misses Pikel.
Pikel barely misses you. The lemure hits you.
You shoot an arrow. The arrow closely misses Pikel.
Pikel barely misses you. You furiously retaliate!
You headbutt Pikel, but do no damage. The lemure completely misses you.
You furiously retaliate!
You headbutt the lemure. You shoot an arrow. The arrow hits Pikel.
Pikel is heavily wounded.
Pikel hits you with a +0 whip of freezing.
The lemure closely misses you. You furiously retaliate!
You headbutt the lemure. You shoot an arrow. The arrow hits Pikel!
Pikel is severely wounded.
Pikel hits you with a +0 whip of freezing.
The lemure barely misses you.
Pikel drinks a potion.
Pikel is healed!
The lemure hits you but does no damage.
You shoot an arrow. The arrow hits Pikel.
Pikel is heavily wounded.
Pikel hits you with a +0 whip of freezing.
The lemure barely misses you.
You shoot an arrow. The arrow barely misses Pikel.
The lemure hits you. Pikel hits you but does no damage.
You shoot an arrow. The arrow hits Pikel.
Pikel is heavily wounded.
Pikel hits you with a +0 whip of freezing!
You die...

#.##.#.#..
###......#.#
.#...##.###.#
##.#.#.# .###.#
#.....#.# ...#..
55#####.##.#.#..
##5# #........#..
#K5# #.##.######.
#@#####.......# #.
#.~~.....~~~######
#.~~..~~....~~~~.#
#.......~~.......#
#...~.......~~~._#
##......~~.......#
#~~..~~....~~~~.#
#~~.....~~~######
######.#####


You could see Pikel and 4 lemures.

Vanquished Creatures
  A scorpion (D:4)
  Jessica (D:3)
  3 orc wizards (D:3)
  6 adders
  3 worms
  2 dart slugs
  7 orcs (D:4)
  5 bats
  3 endoplasms
  2 giant cockroaches
  8 goblins
  4 hobgoblins
  8 jackals
  2 kobolds
  3 quokkas
  8 ball pythons
  5 frilled lizards
  3 rats
74 creatures vanquished.

Notes
Turn   | Place    | Note
-------+----------+-------------------------------------------
     0 | D:1      | qw the Minotaur Hexslinger began the quest for the Orb.
     0 | D:1      | Reached XP level 1. HP: 16/16 MP: 1/1
     0 | D:1      | 0 ||| qw: Version: 0.3-a-32-g5962c71
     0 | D:1      | 0 ||| qw: Game counter: 7385
     0 | D:1      | 0 ||| qw: Melee chars always use a shield: true
     0 | D:1      | 0 ||| qw: God list: Okawaru
     0 | D:1      | 0 ||| qw: Allow faded altars: false
     0 | D:1      | 0 ||| qw: Do Orc after clearing Dungeon:15 true
     0 | D:1      | 0 ||| qw: Do second Lair branch before Depths: true
     0 | D:1      | 0 ||| qw: Lair rune preference: random
     0 | D:1      | 0 ||| qw: Goals: Normal
     0 | D:1      | 0 ||| PLANNING D:1-11
   111 | D:1      | Reached skill level 3 in Ranged Weapons
   119 | D:1      | Reached XP level 2. HP: 23/23 MP: 2/2
   901 | D:1      | Found a faded altar of an unknown god.
   909 | D:1      | 909 ||| UPGRADING to +0 ring mail.
   919 | D:1      | 919 ||| DROPPING +0 robe.
   920 | D:1      | 920 ||| UPGRADING to +1 hat.
   925 | D:1      | 925 ||| UPGRADING to amulet of guardian spirit.
   930 | D:1      | 930 ||| READING scroll labelled BUYCYO ENWAYTT.
   931 | D:1      | 931 ||| READING scroll labelled RES DAUC MOJER.
   932 | D:1      | 932 ||| READING scroll labelled QUG ADIFEQAL.
   933 | D:1      | 933 ||| DRINKING 2 glowing pink potions.
   981 | D:1      | 981 ||| DROPPING scroll of poison.
   982 | D:1      | 982 ||| DROPPING potion of lignification.
  1023 | D:2      | Reached XP level 3. HP: 29/29 MP: 3/3
  1112 | D:2      | Reached skill level 4 in Ranged Weapons
  1178 | D:2      | Reached skill level 1 in Armour
  1468 | D:2      | Reached XP level 4. HP: 36/36 MP: 4/4
  1475 | D:2      | Identified the +1 war axe of Godolinu {freeze, rPois SInv}
  1562 | D:2      | 1562 ||| FLEEEEING.
  1714 | D:2      | 1714 ||| UPGRADING to +0 pair of boots.
  1719 | D:2      | 1719 ||| READING scroll labelled UKOETU QOXZAPS.
  1720 | D:2      | 1720 ||| READING scroll labelled PUPPOX MY COMM.
  1721 | D:2      | 1721 ||| DRINKING 2 amethyst potions.
  1881 | D:3      | Noticed Jessica
  1891 | D:3      | Killed Jessica
  1892 | D:3      | Reached skill level 5 in Ranged Weapons
  2003 | D:3      | Reached XP level 5. HP: 42/42 MP: 5/5
  2027 | D:3      | Found an ancient bone altar of Kikubaaqudgha.
  2034 | D:3      | Reached skill level 3 in Fighting
  2039 | D:3      | Found a shimmering blue altar of Sif Muna.
  2067 | D:3      | Found a radiant altar of Vehumet.
  2148 | D:3      | Found a runed translucent door.
  2153 | D:3      | Noticed qw's ghost (weakling DEHu)
  2268 | D:3      | Found Ucwufure's General Store.
  2279 | D:3      | 2279 ||| BUYING +0 shortbow (30 gold).
  2279 | D:3      | Bought a +0 shortbow for 30 gold pieces
  2279 | D:3      | 2279 ||| BUYING potion of heal wounds (50 gold).
  2279 | D:3      | Bought a potion of heal wounds for 50 gold pieces
  2279 | D:3      | 2279 ||| BUYING potion of might (40 gold).
  2279 | D:3      | Bought a potion of might for 40 gold pieces
  2279 | D:3      | 2279 ||| SHOPLISTING ring of fire (250 gold, have 50).
  2279 | D:3      | 2279 ||| SHOPLISTING scroll of acquirement (520 gold, have
                  | 50).
  2279 | D:3      | 2279 ||| SWAPPING to +0 shortbow.
  2280 | D:3      | 2280 ||| DROPPING +1 sling.
  2451 | D:3      | Found an iron altar of Okawaru.
  2452 | D:3      | 2452 ||| PLANNING OKAWARU WORSHIP
  2458 | D:3      | Became a worshipper of Warmaster Okawaru
  2459 | D:3      | 2459 ||| PLANNING D:1-11
  2459 | D:3      | 2459 ||| REMOVING amulet of guardian spirit.
  2678 | D:3      | 2678 ||| DROPPING amulet of guardian spirit.
  2679 | D:3      | 2679 ||| DRINKING 2 red potions.
  2679 | D:3      | Gained mutation: Your muscles are strong. (Str +4, Int/Dex
                  | -1) [potion of mutation]
  2679 | D:3      | Gained mutation: Your flesh is cold resistant. (rC+)
                  | [potion of mutation]
  2679 | D:3      | Gained mutation: You possess an exceptional clarity of
                  | mind. [potion of mutation]
  2697 | D:4      | Found a hide-covered altar of Uskayaw.
  2742 | D:4      | Reached skill level 6 in Ranged Weapons
  2749 | D:4      | Reached XP level 6. HP: 46/52 MP: 6/6
  2906 | D:4      | 2906 ||| READING scroll labelled GAIRAO RIGHEC.
  2996 | D:4      | Found a bloodstained altar of Trog.
  3031 | D:4      | 3031 ||| FLEEEEING.
  3032 | D:4      | 3032 ||| FLEEEEING.
  3033 | D:4      | 3033 ||| FLEEEEING.
  3035 | D:4      | 3035 ||| FLEEEEING.
  3036 | D:4      | 3036 ||| FLEEEEING.
  3037 | D:4      | 3037 ||| FLEEEEING.
  3038 | D:4      | 3038 ||| FLEEEEING.
  3039 | D:4      | 3039 ||| FLEEEEING.
  3040 | D:4      | 3040 ||| FLEEEEING.
  3041 | D:4      | 3041 ||| FLEEEEING.
  3042 | D:4      | 3042 ||| FLEEEEING.
  3043 | D:4      | 3043 ||| STAIRDANCE
  3198 | D:4      | Noticed Pikel
  3206 | D:4      | HP: 13/52 [Pikel/+0 whip of freezing (5)]
  3207 | D:4      | 3207 ||| DRINKING potion of heal wounds.
  3212 | D:4      | HP: 12/52 [Pikel/+0 whip of freezing (5)]
  3215 | D:4      | HP: 4/52 [lemure[Pikel] (4)]
  3216 | D:4      | Slain by Pikel

Levels and vault maps discovered:
D:1:      dpeg_arrival_three_same_balls, layout_basic,
          hellmonk_ecumenical_altar_inner_sanctum, serial_park_tiny_pond
D:2:      layout_basic, hangedman_decor_growths, minmay_pentomino_s4
D:3:      layout_basic, palyth_temple_overflow_mages,
          hellmonk_okawaru_the_only_friend_you_need, serial_shops,
          nicolae_shop_pleasant_corner_grove, hellmonk_ghost_happy_afterlife,
          uniq_jessica
D:4:      layout_basic, nicolae_uskayaw_suspiria, kennysheep_little_box,
          minmay_liquid_box, serial_bayou_lagoon_a, kennysheep_small_spiral,
          wad_orctagon, uniq_pikel

Skill      XL: |  1  2  3  4  5  6 |
---------------+-------------------+-----
Ranged Weapons | 3 4 5 6 |  6.0
Fighting       | 2 3 4 |  4.0
Armour         | 1 |  1.1
Dodging        | |  2.1
Spellcasting   | |  1.0
Hexes          | |  2.0

Action                     |  1- 3 |  4- 6 || total
---------------------------+-------+-------++-------
   Fire: Sling             |   131 |    93 ||   224
         Shortbow          |       |    76 ||    76
    Use: Scroll            |     3 |     3 ||     6
         Potion            |     1 |     3 ||     4
 Armour: Robe              |     4 |       ||     4
         Ring mail         |    20 |    56 ||    76
  Dodge: Dodged            |    40 |    62 ||   102

Table legend:
 A = Non-vault XP
 B = Vault XP
 C = Vault XP percentage of total XP
 D = Non-vault monster count
 E = Vault monster count
 F = Vault count percentage of total count
                 A         B        C        D         E       F
            +---------+---------+-------+---------+---------+-------
      Total |     278 |     156 |  35.9 |      65 |       9 |  12.2
            +---------+---------+-------+---------+---------+-------
        D:1 |      39 |       0 |   0.0 |      24 |       0 |   0.0
        D:2 |      76 |       2 |   2.6 |      20 |       1 |   4.8
        D:3 |      64 |     142 |  68.9 |      13 |       4 |  23.5
        D:4 |      99 |      12 |  10.8 |       8 |       4 |  33.3
            +---------+---------+-------+---------+---------+-------
